NYP
VANCOUVER CANADIANS @ CONNECTICUT TIGERS
05/02/2044
 
TOP OF THE 1ST
Vancouver Canadians batting - Pitching for Connecticut Tigers : RHP Juan Murillo
Pitching: RHP Juan Murillo
Batting: RHB Laroya Foronda 0-0: Ground out U3 (Groundball, 3S, EV 70.6 MPH)
Batting: LHB Sumiki Okuhara 0-0: Called Strike
0-1: Called Strike
0-2: Ball
1-2: Foul Ball, location: 2F
1-2: Foul Ball, location: 2F
1-2: Ball
2-2: Ball
3-2: Ground out 4-3 (Groundball, 34D, EV 100.6 MPH)
Batting: RHB Jose Garate 0-0: Called Strike
0-1: Ball
1-1: Swinging Strike
1-2: Ball
2-2: Ball
3-2: Base on Balls
Batting: LHB Cedric Saunders 0-0: Foul Ball, location: 2F
0-1: Ball
1-1: Foul Ball, location: 2F
1-2: Ball
2-2: Ball
3-2: Ground out U3 (Groundball, 3, EV 98.8 MPH)
Top of the 1st over - 0 runs, 0 hits, 0 errors, 1 left on base; Vancouver 0 - Connecticut 0
BOTTOM OF THE 1ST
Connecticut Tigers batting - Pitching for Vancouver Canadians : RHP Omar Torres
Pitching: RHP Omar Torres
Batting: RHB Brandon O'Malley 0-0: Fly out, F7 (Flyball, 7, EV 84.4 MPH)
Batting: RHB Keith Hoffman 0-0: Swinging Strike
0-1: Ball
1-1: Foul Ball, location: 2F
1-2: Ball
2-2: Strikes out swinging
Batting: RHB Eric Angelle 0-0: Ball
1-0: Foul Ball, location: 2F
1-1: Foul Ball, location: 2F
1-2: Ball
2-2: Strikes out looking
Bottom of the 1st over - 0 runs, 0 hits, 0 errors, 0 left on base; Vancouver 0 - Connecticut 0
TOP OF THE 2ND
Vancouver Canadians batting - Pitching for Connecticut Tigers : RHP Juan Murillo
Batting: RHB Dylan Phillips 0-0: Ball
1-0: Ball
2-0: Called Strike
2-1: Ball
3-1: Base on Balls
Batting: LHB Adam Santarelli 0-0: Called Strike
0-1: Ball
Dylan Phillips steals 2nd base
1-1: Called Strike
Dylan Phillips steals 3rd base
1-2: Foul Ball, location: 2F
1-2: DOUBLE (Line Drive, 8RXD, EV 103.8 MPH)
Dylan Phillips scores
Batting: RHB Carlos Renteria 0-0: Foul Ball, location: 2F
0-1: SINGLE (Groundball, 6D, EV 98.1 MPH)
Adam Santarelli to third
Batting: RHB Elliot Manfredini 0-0: Ball
Carlos Renteria steals 2nd base
1-0: Foul Ball, location: 2F
1-1: Ground out 5-3 (Groundball, 56, EV 89.4 MPH)
Adam Santarelli scores
Batting: RHB Bryan Peterson 0-0: Swinging Strike
Passed Ball!
Carlos Renteria to third
0-1: Called Strike
0-2: Strikes out swinging
Batting: RHB Laroya Foronda 0-0: Swinging Strike
0-1: Ball
1-1: Fly out, F9 (Flyball, 89M, EV 90.0 MPH)
Top of the 2nd over - 2 runs, 2 hits, 0 errors, 1 left on base; Vancouver 2 - Connecticut 0
BOTTOM OF THE 2ND
Connecticut Tigers batting - Pitching for Vancouver Canadians : RHP Omar Torres
Batting: SHB Sean Foley 0-0: TRIPLE (Line Drive, 89XD, EV 107.5 MPH)
Batting: RHB Tanner Purchase 0-0: Ball
1-0: Called Strike
1-1: Called Strike
1-2: Foul Ball, location: 2F
1-2: Ball
2-2: Strikes out looking
Batting: RHB Tommy McDonald 0-0: Ball
1-0: Ball
2-0: Foul Ball, location: 2F
2-1: Foul Ball, location: 2F
2-2: Ball
3-2: Foul Ball, location: 2F
3-2: Ground out 6-3 (Groundball, 6, EV 103.8 MPH)
Sean Foley scores
Batting: RHB Mike Sebastian 0-0: Called Strike
0-1: Ground out 5-3 (Groundball, 56, EV 85.6 MPH)
Bottom of the 2nd over - 1 run, 1 hit, 0 errors, 0 left on base; Vancouver 2 - Connecticut 1
TOP OF THE 3RD
Vancouver Canadians batting - Pitching for Connecticut Tigers : RHP Juan Murillo
Batting: LHB Sumiki Okuhara 0-0: Ball
1-0: Ball
2-0: Ball
3-0: Base on Balls
Batting: RHB Jose Garate 0-0: Called Strike
0-1: Ball
1-1: Ball
2-1: Foul Ball, location: 2F
2-2: Ball
3-2: Foul Ball, location: 2F
3-2: Fly out, F2 (Popup, 3SF, EV 78.8 MPH)
Batting: LHB Cedric Saunders 0-0: Ball
Sumiki Okuhara is caught stealing 2nd base 2-6
1-0: Ball
2-0: Foul Ball, location: 2F
2-1: Swinging Strike
2-2: Ball
3-2: Foul Ball, location: 2F
3-2: Foul Ball, location: 2F
3-2: Base on Balls
Batting: RHB Dylan Phillips 0-0: Ball
1-0: Ball
2-0: Foul Ball, location: 2F
2-1: Ball
3-1: Foul Ball, location: 2F
3-2: Foul Ball, location: 2F
3-2: Foul Ball, location: 2F
3-2: Foul Ball, location: 2F
3-2: Fly out, F9 (Flyball, 89D, EV 101.9 MPH)
Top of the 3rd over - 0 runs, 0 hits, 0 errors, 1 left on base; Vancouver 2 - Connecticut 1
BOTTOM OF THE 3RD
Connecticut Tigers batting - Pitching for Vancouver Canadians : RHP Omar Torres
Batting: RHB Billy Verdusco 0-0: Ball
1-0: DOUBLE (Line Drive, 89D, EV 103.1 MPH)
Batting: RHB Jeremy Guidone 0-0: DOUBLE (Line Drive, 7LS, EV 90.6 MPH)
Billy Verdusco scores
Batting: RHB Brandon O'Malley 0-0: DOUBLE (Groundball, 3L, EV 107.5 MPH)
Jeremy Guidone scores
Batting: RHB Keith Hoffman 0-0: Ball
1-0: Ball
2-0: Ball
3-0: Base on Balls
Batting: RHB Eric Angelle 0-0: Swinging Strike
0-1: Foul Ball, location: 2F
0-2: Ball
1-2: Strikes out looking
Batting: SHB Sean Foley 0-0: Ball
1-0: Ball
2-0: Ball
3-0: Base on Balls
Brandon O'Malley to third
Keith Hoffman to second
Batting: RHB Tanner Purchase 0-0: Swinging Strike
0-1: Fielders Choice at 2nd, 6-4 (Groundball, 6D, EV 101.9 MPH)
Brandon O'Malley scores
Keith Hoffman to third
Batting: RHB Tommy McDonald 0-0: Called Strike
Tanner Purchase steals 2nd base
0-1: Ball
1-1: Ball
2-1: Ground out 4-3 (Groundball, 4, EV 92.5 MPH)
Bottom of the 3rd over - 3 runs, 3 hits, 0 errors, 2 left on base; Vancouver 2 - Connecticut 4
TOP OF THE 4TH
Vancouver Canadians batting - Pitching for Connecticut Tigers : RHP Juan Murillo
Batting: LHB Adam Santarelli 0-0: Ball
1-0: Called Strike
1-1: Ball
2-1: DOUBLE (Flyball, 78D, EV 95.0 MPH)
Batting: RHB Carlos Renteria 0-0: Ball
1-0: Called Strike
Adam Santarelli steals 3rd base
1-1: DOUBLE (Groundball, 5L, EV 100.6 MPH)
Adam Santarelli scores
Batting: RHB Elliot Manfredini 0-0: Ball
Carlos Renteria steals 3rd base
1-0: Foul Ball, location: 2F
1-1: Foul Ball, location: 2F
1-2: Foul Ball, location: 2F
1-2: Ball
2-2: Foul Ball, location: 2F
2-2: Hit by Pitch
Batting: RHB Bryan Peterson 0-0: Ball
1-0: Ball
Elliot Manfredini steals 2nd base (no throw)
2-0: Ball
3-0: Called Strike
3-1: Fly out, F7 (Flyball, 78M, EV 93.8 MPH)
Runner from 3rd tags up, SCORES, throw by LF
Batting: RHB Laroya Foronda 0-0: Called Strike
Elliot Manfredini steals 3rd base
0-1: Foul Ball, location: 2F
0-2: Ground out 5-3 (Groundball, 56, EV 104.4 MPH)
Elliot Manfredini scores
Batting: LHB Sumiki Okuhara 0-0: Ball
1-0: Called Strike
1-1: Ball
2-1: Swinging Strike
2-2: Foul Ball, location: 2F
2-2: Ball
3-2: Base on Balls
Pitching: LHP Chris Woodruff
Batting: RHB Jose Garate 0-0: Called Strike
0-1: Swinging Strike
0-2: Ball
1-2: Hit by Pitch
Sumiki Okuhara to second
Batting: LHB Cedric Saunders 0-0: Ball
1-0: Ball
2-0: Ball
3-0: Base on Balls
Sumiki Okuhara to third
Jose Garate to second
Batting: RHB Dylan Phillips 0-0: Foul Ball, location: 2F
0-1: Ball
1-1: Foul Ball, location: 2F
1-2: Ball
2-2: Ball
3-2: Foul Ball, location: 2F
3-2: Ground out 4-3 (Groundball, 4D, EV 96.2 MPH)
Top of the 4th over - 3 runs, 2 hits, 0 errors, 3 left on base; Vancouver 5 - Connecticut 4
BOTTOM OF THE 4TH
Connecticut Tigers batting - Pitching for Vancouver Canadians : RHP Omar Torres
Batting: RHB Mike Sebastian 0-0: Fly out, F9 (Flyball, 89S, EV 81.9 MPH)
Batting: RHB Billy Verdusco 0-0: Ball
1-0: Foul Ball, location: 2F
1-1: Ground out U3 (Groundball, 34, EV 81.9 MPH)
Batting: RHB Jeremy Guidone 0-0: Called Strike
0-1: Foul Ball, location: 2F
0-2: Strikes out swinging
Bottom of the 4th over - 0 runs, 0 hits, 0 errors, 0 left on base; Vancouver 5 - Connecticut 4
TOP OF THE 5TH
Vancouver Canadians batting - Pitching for Connecticut Tigers : LHP Chris Woodruff
Batting: LHB Adam Santarelli 0-0: Called Strike
0-1: Ball
1-1: Foul Ball, location: 2F
1-2: Strikes out swinging
Batting: RHB Carlos Renteria 0-0: Fly out, F9 (Flyball, 89M, EV 91.9 MPH)
Batting: RHB Elliot Manfredini 0-0: Foul Ball, location: 2F
0-1: Swinging Strike
0-2: Strikes out looking
Top of the 5th over - 0 runs, 0 hits, 0 errors, 0 left on base; Vancouver 5 - Connecticut 4
BOTTOM OF THE 5TH
Connecticut Tigers batting - Pitching for Vancouver Canadians : RHP Omar Torres
Batting: RHB Brandon O'Malley 0-0: SINGLE (Groundball, 34D, EV 103.8 MPH)
Batting: RHB Keith Hoffman 0-0: Ball
1-0: Fielders Choice at 2nd, 4-6 (Groundball, 4M, EV 82.5 MPH)
Batting: RHB Eric Angelle 0-0: Called Strike
0-1: Called Strike
0-2: Ball
1-2: Ball
2-2: Foul Ball, location: 2F
2-2: Fly out, F9 (Flyball, 89M, EV 89.4 MPH)
Batting: SHB Sean Foley 0-0: Ground out U3 (Groundball, 3, EV 90.6 MPH)
Bottom of the 5th over - 0 runs, 1 hit, 0 errors, 1 left on base; Vancouver 5 - Connecticut 4
TOP OF THE 6TH
Vancouver Canadians batting - Pitching for Connecticut Tigers : LHP Chris Woodruff
Batting: RHB Bryan Peterson 0-0: Foul Ball, location: 2F
0-1: Fly out, F8 (Flyball, 8LS, EV 90.6 MPH)
Batting: RHB Laroya Foronda 0-0: Ball
1-0: Called Strike
1-1: Ball
2-1: Ball
3-1: Foul Ball, location: 2F
3-2: Base on Balls
Batting: LHB Sumiki Okuhara 0-0: Called Strike
Laroya Foronda steals 2nd base (no throw)
0-1: Called Strike
0-2: Ball
1-2: Foul Ball, location: 2F
1-2: Ball
2-2: Ball
3-2: Base on Balls
Pitching: RHP John Harrell
Batting: RHB Jose Garate 0-0: Ball
Laroya Foronda steals 3rd base (no throw)
1-0: Called Strike
1-1: Ball
2-1: Hit by Pitch
Sumiki Okuhara to second
Batting: LHB Cedric Saunders 0-0: Ball
1-0: Foul Ball, location: 2F
1-1: Ball
2-1: Swinging Strike
2-2: Foul Ball, location: 2F
2-2: Grounds into double play, 4-6-3 (Groundball, 4, EV 103.1 MPH)
Top of the 6th over - 0 runs, 0 hits, 0 errors, 2 left on base; Vancouver 5 - Connecticut 4
BOTTOM OF THE 6TH
Connecticut Tigers batting - Pitching for Vancouver Canadians : RHP Omar Torres
Batting: RHB Tanner Purchase 0-0: Ball
1-0: Called Strike
1-1: Swinging Strike
1-2: Ground out 5-3 (Groundball, 5S, EV 89.4 MPH)
Batting: RHB Tommy McDonald 0-0: Foul Ball, location: 2F
0-1: Ball
1-1: Swinging Strike
1-2: Strikes out swinging
Batting: RHB Mike Sebastian 0-0: Ball
1-0: Ball
2-0: Called Strike
2-1: Foul Ball, location: 2F
2-2: Strikes out swinging
Bottom of the 6th over - 0 runs, 0 hits, 0 errors, 0 left on base; Vancouver 5 - Connecticut 4
TOP OF THE 7TH
Vancouver Canadians batting - Pitching for Connecticut Tigers : RHP John Harrell
Batting: RHB Dylan Phillips 0-0: Ball
1-0: Called Strike
1-1: Called Strike
1-2: SINGLE (Line Drive, 6MD, EV 103.8 MPH)
Batting: LHB Adam Santarelli 0-0: Swinging Strike
0-1: DOUBLE (Line Drive, 78XD, EV 108.8 MPH)
Dylan Phillips to third
Batting: RHB Carlos Renteria 0-0: SINGLE (Groundball, 56, EV 88.1 MPH) (infield hit)
Dylan Phillips scores
Adam Santarelli to third
Batting: RHB Elliot Manfredini 0-0: Ball
1-0: Called Strike
Carlos Renteria steals 2nd base
1-1: Foul Ball, location: 2F
1-2: Foul Ball, location: 2F
1-2: Ball
2-2: Ball
3-2: Base on Balls
Batting: RHB Bryan Peterson 0-0: Foul Ball, location: 2F
0-1: Foul Ball, location: 2F
0-2: Grounds into fielders choice 5-2 (Groundball, 5, EV 87.5 MPH)
Carlos Renteria to third
Elliot Manfredini to second
Batting: RHB Laroya Foronda 0-0: Ball
Passed Ball!
Carlos Renteria scores
Elliot Manfredini to third
Bryan Peterson to second
1-0: Called Strike
1-1: Foul Ball, location: 2F
1-2: Hit by Pitch
Pinch Runner at 1st Takanibu Kaneshiro:
Batting: LHB Sumiki Okuhara 0-0: Ball
1-0: Called Strike
1-1: DOUBLE (Line Drive, 89XD, EV 110.0 MPH)
Elliot Manfredini scores
Bryan Peterson scores
Takanibu Kaneshiro to third
Runner from 3rd tries for Home, SAFE, throw by CF to home
Pitching: RHP Daisuke Tashima
Batting: RHB Jose Garate 0-0: Ball
1-0: Foul Ball, location: 2F
1-1: Foul Ball, location: 2F
1-2: Fly out, F7 (Flyball, 78D, EV 101.9 MPH)
Batting: LHB Cedric Saunders 0-0: Swinging Strike
0-1: Swinging Strike
Balk!
Sumiki Okuhara to third
0-2: Foul Ball, location: 2F
0-2: Foul Ball, location: 2F
0-2: Fly out, F8 (Flyball, 8LD, EV 85.6 MPH)
Top of the 7th over - 5 runs, 4 hits, 0 errors, 1 left on base; Vancouver 10 - Connecticut 4
BOTTOM OF THE 7TH
Connecticut Tigers batting - Pitching for Vancouver Canadians : RHP Omar Torres
Now at 1B: Alex Vazquez
Now in CF: Dan Hilyer
Now in RF: Sumiki Okuhara
Batting: RHB Billy Verdusco 0-0: Called Strike
0-1: Foul Ball, location: 2F
0-2: Foul Ball, location: 2F
0-2: Strikes out swinging
Pinch Hitting: RHB John Evancho 0-0: Called Strike
0-1: Called Strike
0-2: Ball
1-2: Ground out U3 (Groundball, 3L, EV 99.4 MPH)
Batting: RHB Brandon O'Malley 0-0: Ball
1-0: Called Strike
1-1: Ball
2-1: Ground out 6-3 (Groundball, 6MD, EV 105.0 MPH)
Bottom of the 7th over - 0 runs, 0 hits, 0 errors, 0 left on base; Vancouver 10 - Connecticut 4
TOP OF THE 8TH
Vancouver Canadians batting - Pitching for Connecticut Tigers : RHP Daisuke Tashima
Now at 1B: Keith Hoffman
Now in LF: Brandon O'Malley
Now in CF: Tanner Purchase
Now in RF: John Evancho
Batting: RHB Dylan Phillips 0-0: Ball
1-0: Swinging Strike
1-1: Ball
2-1: Hit by Pitch
Batting: LHB Adam Santarelli 0-0: Swinging Strike
0-1: Called Strike
0-2: Foul Ball, location: 2F
0-2: Ball
1-2: Grounds into double play, 4-6-3 (Groundball, 4, EV 103.1 MPH)
Batting: RHB Carlos Renteria 0-0: Ball
1-0: Ball
2-0: Ground out 4-3 (Groundball, 4S, EV 94.4 MPH)
Top of the 8th over - 0 runs, 0 hits, 0 errors, 0 left on base; Vancouver 10 - Connecticut 4
BOTTOM OF THE 8TH
Connecticut Tigers batting - Pitching for Vancouver Canadians : RHP Omar Torres
Pitching: RHP Tony Riesco
Batting: RHB Keith Hoffman 0-0: Ball
1-0: Ball
2-0: Ball
3-0: Called Strike
3-1: Called Strike
3-2: Foul Ball, location: 2F
3-2: Foul Ball, location: 2F
3-2: Foul Ball, location: 2F
3-2: Base on Balls
Batting: RHB Eric Angelle 0-0: Called Strike
0-1: Foul Ball, location: 2F
0-2: Strikes out swinging
Batting: SHB Sean Foley 0-0: Called Strike
0-1: Swinging Strike
0-2: Strikes out swinging
Batting: RHB Tanner Purchase 0-0: Foul Ball, location: 2F
0-1: Ball
1-1: Foul Ball, location: 2F
1-2: Foul Ball, location: 2F
1-2: Strikes out looking
Bottom of the 8th over - 0 runs, 0 hits, 0 errors, 1 left on base; Vancouver 10 - Connecticut 4
TOP OF THE 9TH
Vancouver Canadians batting - Pitching for Connecticut Tigers : RHP Daisuke Tashima
Batting: RHB Elliot Manfredini 0-0: Ball
1-0: Ball
2-0: Ball
3-0: Base on Balls
Batting: RHB Bryan Peterson 0-0: Ball
1-0: Swinging Strike
Balk!
Elliot Manfredini to second
1-1: Swinging Strike
1-2: Foul Ball, location: 2F
1-2: DOUBLE (Groundball, 5L, EV 94.4 MPH)
Elliot Manfredini scores
Pitching: LHP Valentin Ciubotariu
Batting: RHB Dan Hilyer 0-0: Called Strike
0-1: Ball
1-1: Ball
2-1: Ground out 5-3 (Groundball, 5, EV 83.8 MPH)
Batting: LHB Sumiki Okuhara 0-0: Ball
1-0: Foul Ball, location: 2F
1-1: Swinging Strike
1-2: Ground out 4-3 (Groundball, 34, EV 95.0 MPH)
Bryan Peterson to third
Batting: RHB Jose Garate 0-0: Called Strike
0-1: Foul Ball, location: 2F
0-2: DOUBLE (Flyball, 78XD, EV 101.9 MPH)
Bryan Peterson scores
Pinch Hitting: SHB Olaf Zoeteman 0-0: Called Strike
0-1: Ball
1-1: Ball
2-1: Foul Ball, location: 2F
2-2: Foul Ball, location: 2F
2-2: Ball
3-2: Base on Balls
Pinch Hitting: RHB Bill Hunt 0-0: Swinging Strike
0-1: Ball
1-1: Ball
2-1: Swinging Strike
2-2: Strikes out swinging
Top of the 9th over - 2 runs, 2 hits, 0 errors, 2 left on base; Vancouver 12 - Connecticut 4
BOTTOM OF THE 9TH
Connecticut Tigers batting - Pitching for Vancouver Canadians : RHP Tony Riesco
Now at 1B: Olaf Zoeteman
Now at 2B: Bill Hunt
Now in RF: Julio Canseco
Batting: RHB Tommy McDonald 0-0: Foul Ball, location: 2F
0-1: Called Strike
0-2: Ball
1-2: Ball
2-2: SINGLE (Groundball, 6D, EV 94.4 MPH)
Batting: RHB Mike Sebastian 0-0: Ball
1-0: Foul Ball, location: 2F
1-1: Called Strike
1-2: Ball
2-2: Ball
3-2: Base on Balls
Tommy McDonald to second
Pitching: RHP Alexis Martinez
Pinch Hitting: LHB Oscar Gonzalez 0-0: Called Strike
0-1: Ball
1-1: Ball
2-1: Foul Ball, location: 2F
2-2: Fly out, F4 (Flyball, 34D, EV 90.0 MPH)
Batting: RHB John Evancho 0-0: Ball
1-0: Swinging Strike
1-1: Foul Ball, location: 2F
1-2: Grounds into double play, 5-4-3 (Groundball, 56, EV 82.5 MPH)
Bottom of the 9th over - 0 runs, 1 hit, 0 errors, 1 left on base; Vancouver 12 - Connecticut 4
Thursday, March 31st , 2022 - OOTP Baseball 22.12 Build 89